 Dungeon Crawl Stone Soup version 0.30.1-11-g7821555f0a (webtiles) character file.

Game seed: 7872741549847733899

2140 Okkudo the Severer (level 9, 0/70 HPs)
             Began as a Hill Orc Monk on Dec 4, 2023.
             Was an Elder of Beogh.
             Slain by a gnoll
             ... wielding a +2 halberd of freezing
             ... led by a gnoll sergeant
              (1 damage)
             ... on level 7 of the Dungeon.
             The game lasted 00:19:33 (6118 turns).

Okkudo the Severer (Hill Orc Monk)                  Turns: 6118, Time: 00:19:34

Health: 0/70       AC: 11    Str: 18    XL:     9   Next: 30%
Magic:  9/9        EV:  8    Int: 16    God:    Beogh [****..]
Gold:   317        SH:  0    Dex: 13    Spells: 8/8 levels left

rFire   . . .        t - +0 war axe
rCold   . . .        d - orb {light}
rNeg    . . .        F - +0 chain mail
rPois   .            n - +0 helmet
rElec   .            m - +0 cloak
rCorr   +            r - +0 pair of gloves
SInv    .            (no boots)
Will    .....        (no amulet) Stlth
                     b - ring of resist corrosion
HPRegen 0.31/turn    x - +6 ring of intelligence
MPRegen 0.11/turn

%: no passive effects
@: glowing
A: no striking features
a: Renounce Religion, Smiting, Recall Orcish Followers


You were on level 7 of the Dungeon.
You worshipped Beogh.
Beogh was greatly pleased with you.
You visited 1 branch of the dungeon, and saw 7 of its levels.

You collected 317 gold pieces.

Inventory:

Hand Weapons
 t - a +0 war axe (weapon)
 C - the +6 dagger of Ravage {spect, Str+2}
   (You found it on level 6 of the Dungeon)

   Str:       It affects your strength (+2).
Missiles
 B - 4 javelins (quivered)
 D - 5 poisoned darts
Armour
 d - an orb of light (worn)
 m - a +0 cloak (worn)
 n - a +0 helmet (worn)
 r - a +0 pair of gloves (worn)
 F - a +0 chain mail (worn)
Jewellery
 b - a ring of resist corrosion (left hand)
 w - a ring of flight
 x - a +6 ring of intelligence (right hand)
Wands
 k - a wand of acid (7)
 v - a wand of flame (19)
Scrolls
 h - a scroll of enchant weapon
 i - 2 scrolls of poison {unknown}
 j - a scroll of enchant armour
 l - 2 scrolls of fear {unknown}
 o - 4 scrolls of teleportation {unknown}
 u - a scroll of vulnerability
 y - a scroll of immolation
 A - a scroll of fog {unknown}
Potions
 a - a potion of heal wounds {unknown}
 c - 2 potions of ambrosia
 e - 3 potions of magic {unknown}
 f - 4 potions of curing
 g - 2 potions of invisibility {unknown}
 p - a potion of lignification {unknown}
 q - a potion of mutation {unknown}
 s - a potion of might {unknown}
 z - a potion of cancellation {unknown}


   Skills:
 - Level 3.6 Fighting
 * Level 15.7 Axes
 - Level 2.4 Dodging


You had 8 spell levels left.
You didn't know any spells.
Your spell library contained the following spells:

 Spells                   Type           Power      Damage    Failure   Level
 Ignite Poison            Fire/Tmut/Pois 0%         N/A       100%        3
 Sticky Flame             Conj/Fire      0%         2d3       100%        4
 Ignition                 Fire           0%         3d3       100%        8


Dungeon Overview and Level Annotations

Branches:
Dungeon (7/15)             Temple (0/1) D:7

Altars:
Ashenzari
Elyvilon
Hepliaklqana
Kikubaaqudgha
Trog
The Shining One

Shops:
D:4 *   D:6 ?


Message History

The gnoll sergeant hits Olfik with a +2 trident of distortion!
Space warps around Olfik.
You swap places.
Olfik hits the gnoll sergeant but does no damage.
The gnoll sergeant hits Olfik with a +2 trident of distortion!
Olfik dies!
Your orc wizard points at the gnoll sergeant and mumbles some strange words.
The puff of flame hits the gnoll sergeant!
The gnoll sergeant hits your orc wizard from afar with a +2 trident of distortion!
Space warps around your orc wizard.
You feel better.
The gnoll sergeant closely misses your orc wizard.
Unknown command.
Your orc wizard hits the gnoll sergeant but does no damage.
The gnoll sergeant closely misses your orc wizard.
Your orc wizard hits the gnoll sergeant but does no damage.
The gnoll sergeant hits your orc wizard with a +2 trident of distortion!
Your orc wizard dies!
The gnoll sergeant hits your orc wizard with a +2 trident of distortion!
Space warps around your orc wizard.
Your orc wizard hits the gnoll sergeant with a +0 dagger.
The gnoll sergeant dies!
Beogh accepts your kill.
You swap places.
The gnoll hits you from afar with a +2 halberd of freezing!
* * * LOW HITPOINT WARNING * * *
The gnoll freezes you.
* * * LOW HITPOINT WARNING * * *
Items here: ( ))) [[ †.
The gnoll closely misses you.
Things that are here:
a +2 trident of distortion; a +0 ring mail; a +0 club You hit the gnoll.
The gnoll is lightly wounded.
You hit the gnoll.
The gnoll is moderately wounded.
The gnoll hits you with a +2 halberd of freezing!
* * * LOW HITPOINT WARNING * * *
The gnoll freezes you.
You die...

######## #......#
#......# #......#
#......# ##
#......########## .#
#..<......o@gg..#
.#####.)))..########.#
.+.).....)).....>#
....############.#
....# # #...# .#..#
#..## .#.#


You could see 2 gnolls and a friendly orc wizard.

Vanquished Creatures
  2 water moccasins
  2 ice beasts
  A black bear (D:5)
  An ogre (D:4)
  A centaur (D:5)
  A kobold brigand (D:7)
  2 gnoll sergeants
  A bullfrog (D:7)
  A scorpion (D:6)
  2 howler monkeys
  A crimson imp (D:3)
  3 hounds (D:5)
  2 sleepcaps
  5 jellies
  2 iguanas (D:5)
  3 orc wizards
  11 gnolls
  3 adders
  A shadow imp (D:6)
  2 white imps
  An ufetubus (D:6)
  A worm (D:2)
  3 dart slugs
  6 orcs
  2 endoplasms
  4 giant cockroaches
  6 goblins
  5 hobgoblins
  5 jackals
  8 kobolds
  3 quokkas
  8 ball pythons
  6 bats
  13 frilled lizards
  2 goblin zombies (D:3)
  A kobold skeleton (D:3)
  An orc skeleton (D:3)
  3 orc zombies (D:3)
  3 rats
128 creatures vanquished.

Vanquished Creatures (collateral kills)
  Maggie (D:6)
  A wyvern (D:7)
  A gnoll sergeant (D:7)
  A gnoll bouda (D:6)
  A sleepcap (D:6)
  5 gnolls
  A white imp (D:7)
  2 orcs
  A kobold (D:7)
14 creatures vanquished.

Vanquished Creatures (others)
  2 orc wizards (D:7)
  7 orcs
  A kobold (D:3)
10 creatures vanquished.

Grand Total: 152 creatures vanquished

Notes
Turn   | Place    | Note
-------+----------+-------------------------------------------
     0 | D:1      | Okkudo the Hill Orc Monk began the quest for the Orb.
     0 | D:1      | Reached XP level 1. HP: 19/19 MP: 1/1
    48 | D:1      | Reached XP level 2. HP: 26/26 MP: 2/2
    84 | D:1      | Reached skill level 5 in Axes
   390 | D:1      | Reached XP level 3. HP: 31/31 MP: 3/3
  1013 | D:2      | Reached skill level 6 in Axes
  1121 | D:2      | Found an ancient bone altar of Kikubaaqudgha.
  1341 | D:2      | Reached XP level 4. HP: 39/39 MP: 4/4
  1814 | D:3      | Became a worshipper of Beogh the Brigand
  1814 | D:3      | Reached * piety under Beogh
  1814 | D:3      | Reached ** piety under Beogh
  1830 | D:3      | Found a glowing golden altar of the Shining One.
  2282 | D:3      | Reached skill level 7 in Axes
  2332 | D:3      | Reached XP level 5. HP: 45/45 MP: 5/5
  2762 | D:3      | Found a broken altar of Ashenzari.
  2983 | D:4      | Found Girpheg's Assorted Antiques.
  2994 | D:4      | Reached skill level 8 in Axes
  3186 | D:4      | Found a white marble altar of Elyvilon.
  3186 | D:4      | Found a hazy altar of Hepliaklqana.
  3264 | D:4      | Noticed an ogre
  3271 | D:4      | Killed an ogre
  3272 | D:4      | Reached skill level 9 in Axes
  3272 | D:4      | Reached XP level 6. HP: 23/51 MP: 6/6
  3447 | D:4      | Found a bloodstained altar of Trog.
  3670 | D:5      | Entered Level 5 of the Dungeon
  3681 | D:5      | Noticed an ice beast
  3701 | D:4      | Killed an ice beast
  3702 | D:4      | Reached skill level 10 in Axes
  3702 | D:4      | Reached XP level 7. HP: 36/57 MP: 7/7
  3801 | D:5      | Reached *** piety under Beogh
  3901 | D:5      | Reached skill level 11 in Axes
  4102 | D:5      | Reached skill level 12 in Axes
  4102 | D:5      | Reached XP level 8. HP: 44/64 MP: 8/8
  4849 | D:6      | Identified the +6 dagger of Ravage {spect, Str+2}
  4906 | D:6      | Reached skill level 13 in Axes
  5030 | D:6      | Found Haimisk's Magic Scroll Shoppe.
  5231 | D:6      | Noticed Maggie
  5245 | D:6      | Killed Maggie
  5361 | D:6      | Reached skill level 14 in Axes
  5369 | D:6      | Gained Olfik as an ally
  5453 | D:6      | Reached XP level 9. HP: 37/70 MP: 9/9
  5873 | D:7      | Reached skill level 15 in Axes
  5894 | D:7      | Found a staircase to the Ecumenical Temple.
  6001 | D:7      | Reached **** piety under Beogh
  6109 | D:7      | Your ally Olfik died
  6118 | D:7      | HP: 1/70 [gnoll/+2 halberd of freezing[a gnoll sergeant]
                  | (10)]
  6118 | D:7      | Slain by a gnoll

Illustrated notes

Levels and vault maps discovered:
D:1:      pf_arrival_petrified_forest, layout_basic, minmay_misc_feat_rows,
          minmay_lizard_pond
D:2:      layout_basic, basic_altar
D:3:      layout_loops_corners, nicolae_tso_besieged_by_evil,
          lemuel_coloured_pillars_altar, roderic_serpentine_path,
          minmay_strange_pillars
D:4:      layout_cave_pools, trog_three_pillars_becter,
          nicolae_overflow_two_pavilions, serial_shops, nicolae_stop_n_shop_1
D:5:      layout_rooms
D:6:      layout_basic, serial_shops, nicolae_take_the_stairs, uniq_maggie
D:7:      layout_basic, minmay_temple_entry_grid

Skill      XL: |  1  2  3  4  5  6  7  8  9 |
---------------+----------------------------+-----
Axes           | 5 6 7 9 10 12 14 15 | 15.7
Fighting       | |  3.6
Dodging        | |  2.4

Action                     |  1- 3 |  4- 6 |  7- 9 || total
---------------------------+-------+-------+-------++-------
  Melee: Hand axe          |    92 |   118 |       ||   210
         War axe           |       |    73 |   149 ||   222
 Invoke: Convert to Beogh  |       |     1 |       ||     1
    Use: Scroll            |       |       |     4 ||     4
         Potion            |       |       |     1 ||     1
   Stab: Distracted        |       |       |     2 ||     2
         Confused          |       |       |     1 ||     1
 Armour: Robe              |    12 |     6 |       ||    18
         Ring mail         |       |    58 |    10 ||    68
         Scale mail        |       |       |    34 ||    34
         Chain mail        |       |       |     7 ||     7
  Dodge: Dodged            |    54 |   107 |    84 ||   245
